 Dungeon Crawl Stone Soup version 0.23.1 (webtiles) character file.

Game seed: 3256706540358795982

0 gruber the Ducker (level 1, -3/13 HPs)
             Began as a Gnoll Wanderer on Mar 1, 2019.
             Slain by a leopard gecko (4 damage)
             ... on level 1 of the Dungeon.
             The game lasted 00:00:51 (199 turns).

gruber the Ducker (Gnoll Wanderer)                   Turns: 199, Time: 00:00:52

Health: -3/13      AC:  2    Str: 14    XL:     1   Next: 10%
Magic:  2/2        EV: 14    Int: 16    God:
Gold:   0          SH:  0    Dex: 12    Spells: 0/0 levels left

rFire    . . .     SeeInvis .   e - +0 club
rCold    . . .     Gourm    .   (no shield)
rNeg     . . .     Faith    .   d - +0 robe
rPois    .         Spirit   .   (no helmet)
rElec    .         Reflect  .   (no cloak)
rCorr    .         Harm     .   (no gloves)
MR       .....                  (no boots)
Stlth    ++........             (no amulet)
HPRegen  0.04/turn              (no ring)
MPRegen  0.08/turn              (no ring)

@: no status effects
A: distributed training, fangs 1, strong nose
a: no special abilities


You were on level 1 of the Dungeon.
You were not hungry.

You visited 1 branch of the dungeon, and saw 1 of its levels.

Inventory:

Hand Weapons
 e - a +0 club (weapon)
 f - a +0 dagger
Armour
 d - a +0 robe (worn)
Jewellery
 c - an uncursed amulet of rage {unknown}
Wands
 a - a wand of paralysis (15)
Potions
 b - a potion of brilliance {unknown}
Comestibles
 g - a ration


   Skills:
 + Level 0.0 Fighting
 + Level 0.0 Short Blades
 + Level 4.4 Long Blades
 + Level 0.0 Axes
 + Level 0.0 Maces & Flails
 + Level 0.0 Polearms
 + Level 0.0 Staves
 + Level 0.0 Slings
 + Level 0.0 Bows
 + Level 0.0 Crossbows
 + Level 0.0 Throwing
 + Level 0.0 Armour
 + Level 4.4 Dodging
 + Level 4.0 Stealth
 + Level 0.0 Shields
 + Level 0.0 Unarmed Combat
 + Level 0.0 Spellcasting
 + Level 0.0 Conjurations
 + Level 0.0 Hexes
 + Level 0.0 Charms
 + Level 0.0 Summonings
 + Level 0.0 Necromancy
 + Level 0.0 Translocations
 + Level 0.0 Transmutations
 + Level 0.0 Fire Magic
 + Level 1.9 Ice Magic
 + Level 0.0 Air Magic
 + Level 0.0 Earth Magic
 + Level 3.6 Poison Magic
 + Level 0.0 Invocations
 + Level 2.3 Evocations


You couldn't memorise any spells.
You didn't know any spells.
Your spell library contained the following spells:

 Spells                   Type           Power        Failure   Level  Hunger
 Sting                    Conj/Pois      #...         12%         1    ##.....
 Beastly Appendage        Tmut           #.....       26%         1    ##.....
 Ignite Poison            Fire/Tmut/Pois #.......     43%         3    ####...
 Mephitic Cloud           Conj/Pois/Air  #.......     43%         3    ####...


Dungeon Overview and Level Annotations

Branches:
Dungeon (1/15)

Altars:


Innate Abilities, Weirdness & Mutations

Your experience applies equally to all skills.
You have very sharp teeth.
Your uncanny sense of smell can sniff out nearby items.


Message History

You barely miss the leopard gecko.
The leopard gecko is moderately wounded.
The leopard gecko barely misses you. The leopard gecko misses you.
You hit the leopard gecko.
The leopard gecko is almost dead.
The leopard gecko bites you.
You barely miss the leopard gecko.
The leopard gecko is almost dead.
The leopard gecko barely misses you. x2
You closely miss the leopard gecko.
The leopard gecko is almost dead.
The leopard gecko closely misses you.
You hit the leopard gecko but do no damage.
You bite the leopard gecko, but do no damage.
The leopard gecko is almost dead.
The leopard gecko bites you.
* * * LOW HITPOINT WARNING * * *
The leopard gecko hisses menacingly.
The leopard gecko bites you.
You die...

##...## .# #. ##.....## ####.#
#. ##.......## #.... ##.
#.........####...###########..
+!(.......+...................
#.........###....#########....
#.)............## #....
#..'########+..## #....
##.#......l@#...# #....
#.#.+####'.#.#.# #....
#.#.#....#.#.#.# #....
#.#.#.##.#.#.#.# ##.##
#.#.#.##.#.#.#.# #.##
s.#.#)...#.#.#.# #...
..#.+####'.#.#.# ####
#........#.#.# +########'.#.#


You could see a leopard gecko.

Vanquished Creatures
  A rat (D:1)
1 creature vanquished.

Notes
Turn   | Place    | Note
-------+----------+-------------------------------------------
     0 | D:1      | gruber the Gnoll Wanderer began the quest for the Orb.
     0 | D:1      | gruber set off with the following items: a wand of
                  | paralysis (15), a +0 robe, a +0 club, a +0 dagger, a
                  | ration; and the following spells available to memorise:
                  | Sting, Beastly Appendage, Ignite Poison, Mephitic Cloud
     0 | D:1      | Reached XP level 1. HP: 13/13 MP: 2/2
   199 | D:1      | Slain by a leopard gecko

Action                   || total
-------------------------++-------
Melee: Club              ||    12
       Bite              ||     1
 Stab: Sleeping          ||     1
Dodge: Dodged            ||    14
